AoeStats
← Barón de la Cerveza

Arabia

507601721Analyzed
1v1 RM · 14d ago on Sep 19, 2026· 55m 4s· 2 players
Game mode
Random Map
Map size
Tiny (2 player)
Population
200
Speed
Normal
Resources
Standard
Victory
Conquest
Starting age
Dark Age
Ending age
Imperial Age
RankedLock teamsTeams togetherTeam positionsShared explorationLock speedFull tech treeHidden civsTurbo modeCheats
Victory
Defeat
🇲🇽 Tatars · Mexico
1911
+13
🇨🇦 Armenians · Canada
1854
-13
cornonjakobe
6:12 Loom
8:56 Feudal Age
8:57 Man-at-Arms
16:46 Horse Collar
17:20 Double-Bit Axe
21:51 Castle Age
21:26 Scale Barding Armor
22:00 Wheelbarrow
23:11 Bloodlines
23:51 Bow Saw
26:25 Stone Mining
27:42 Elite Skirmisher
28:40 Town Watch
29:11 Hand Cart
30:21 Fletching
30:49 Padded Archer Armor
31:04 Bodkin Arrow
36:35 Ballistics
37:51 Leather Archer Armor
40:24 Masonry
43:51 Imperial Age
43:26 Long Swordsman
43:29 Pikeman
44:10 Squires
43:56 Elite Composite Bowman
44:37 Bracer
45:51 Chemistry
45:34 Ring Archer Armor
46:21 Heavy Plow
46:05 Long Swordsman
46:30 Gambesons
47:09 Conscription
47:03 Town Patrol
47:25 Arson
47:49 Fereters
47:41 Two-Handed Swordsman
49:16 Champion
50:51 Scale Mail Armor
52:12 Chain Mail Armor
53:28 Plate Mail Armor
54:14 Forging
Barón de la Cerveza
6:34 Loom
9:20 Feudal Age
12:30 Wheelbarrow
14:17 Double-Bit Axe
16:46 Fletching
22:58 Castle Age
21:49 Padded Archer Armor
22:00 Gold Mining
22:07 Horse Collar
23:40 Bodkin Arrow
24:46 Leather Archer Armor
26:22 Bow Saw
28:32 Bloodlines
29:48 Ballistics
38:22 Scale Barding Armor
41:41 Imperial Age
39:56 Scale Barding Armor
39:55 Silk Armor
40:44 Gold Shaft Mining
40:00 Stone Mining
40:57 Heavy Plow
42:35 Bracer
42:56 Chain Barding Armor
44:23 Ring Archer Armor
44:25 Conscription
44:32 Husbandry
44:25 Heavy Cavalry Archer
44:28 Light Cavalry
45:56 Plate Barding Armor
45:12 Elite Skirmisher
46:48 Crop Rotation
46:50 Hussar
49:58 Chemistry
49:09 Masonry
50:07 Hand Cart
50:25 Town Watch
51:03 Treadmill Crane
52:56 Timurid Siegecraft
54:35 Forging
Connection lost

Rejoining the realm…

Still unreachable

The connection could not be restored.

Session expired

The server has moved on; the page needs a fresh start.